Cogmind - Beta 15 @@@ ROGUE MODE // 2025.05.16 @ 16:45:25 Player: celerysam Result: Destroyed by EK-R7X(g) with Beamcaster Performance ------------- Evolutions (0) 0 Regions Visited (2) 400 Robots Destroyed (12) 60 Value Destroyed (195) 195 Prototype IDs (1) 20 Alien Tech Used (0) 0 Bonus (0) 0 TOTAL SCORE: 675 Bonus ------- None Cogmind --------- Core Integrity 0/250 Matter 275/300 Energy 161/250 System Corruption 1% Temperature Cool (84) Movement Rolling (95) Ox1 Location -10/Mines Parts ------- > --- POWER (1) -------- Ion Engine > --- PROPULSION (2) --- Wheel Wheel > --- UTILITY (2) ------ Large Storage Unit ECM Suite > --- WEAPON (2) ------- Improved EM Shotgun Light Cannon > --- INVENTORY (15) --- Ion Engine Light Treads Light Treads Aluminum Leg Wheel Improved Heat Sink Structural Scanner Targeting Computer ECM Suite Improved EM Shotgun Particle Cannon Grenade Launcher Mining Laser Signal Generator Peak State ------------ > --- POWER ------------ Ion Engine > --- PROPULSION ------- Wheel Compact Wheel > --- UTILITY ---------- Large Storage Unit ECM Suite > --- WEAPON ----------- Improved EM Shotgun Light Cannon > --- INVENTORY -------- Ion Engine Light Treads Light Treads Aluminum Leg Aluminum Leg Wheel Wheel Improved Heat Sink Structural Scanner Targeting Computer ECM Suite Improved EM Shotgun Particle Cannon Grenade Launcher Mining Laser [Rating: 11] Favorites ----------- Power Ion Engine Engine Ion Engine Propulsion Wheel Leg Aluminum Leg Wheel Wheel Utility ECM Suite Device ECM Suite Storage Large Storage Unit Weapon EM Pulse Gun Energy Gun EM Pulse Gun Ballistic Cannon Light Cannon Launcher Grenade Launcher Special Weapon Mining Laser Build | -11 -10 -10 ------- Run | Yrd Mat Min Slots Evolved . | . . . Power . | . . . Propulsion . | . . . Utility . | . . . Weapon . | . . . Parts Attached 17 | 6 10 1 Power 2 | 1 1 . Engine 2 | 1 1 . Core . | . . . Reactor . | . . . Propulsion 5 | 2 2 1 Treads . | . . . Leg 2 | 2 . . Wheel 3 | . 2 1 Hover . | . . . Flight . | . . . Utility 3 | 1 2 . Device 1 | . 1 . Storage 2 | 1 1 . Processor . | . . . Hackware . | . . . Protection . | . . . Artifact . | . . . Weapon 7 | 2 5 . Energy Gun 4 | 2 2 . Energy Cannon . | . . . Ballistic Gun . | . . . Ballistic Cannon 1 | . 1 . Launcher 1 | . 1 . Special Weapon 1 | . 1 . Impact Weapon . | . . . Slashing Weapon . | . . . Piercing Weapon . | . . . Special Melee Weapon . | . . . Unidentified Prototypes 1 | . 1 . Parts Lost 5 | . 4 1 Power 1 | . 1 . Propulsion 1 | . . 1 Utility . | . . . Weapon 3 | . 3 . Highest Loss Streak 3 | . 3 1 To Critical Strikes . | . . . Average Backups 10 | 4 10 13 Power . | . . 1 Propulsion 5 | 3 5 4 Utility 2 | . 2 4 Weapon 2 | . 2 4 Tool/Special . | . . . Unused Backups 10 | . . 10 Power 1 | . . 1 Propulsion 3 | . . 3 Utility 4 | . . 4 Weapon 2 | . . 2 Tool/Special . | . . . Average Slot Usage (%) 96 | . 95 100 Engine 12 | . 12 14 Leg 3 | . 5 . Wheel 24 | . 22 28 Device 12 | . 12 14 Storage 14 | . 14 14 Energy Gun 15 | . 16 14 Ballistic Cannon 8 | . 6 14 Launcher 1 | . 1 . Special Weapon 1 | . 2 . Peak Build Rating 11 | 6 11 11 Average Rating 8 | 4 7 10 On Entrance 5 | . 6 11 Naked Turns . | . . . Heaviest Build 33 | 14 33 33 Greatest Support 26 | 20 26 26 Greatest Overweight (x) 1 | . 1 1 Average Overweight (x) . | . . 1 Largest Inventory Capacity 15 | 8 15 15 Average Capacity 13 | 6 14 15 Most Carried 15 | 6 15 15 Average Carried 11 | 5 10 14 Final Capacity 15 | 8 15 15 Final Carried 15 | 6 15 14 Class Distribution -------------------- 100% | Mutant Dominant Class ---------------- Mutant | -10/Materials Mutant | -10/Mines Resources | -11 -10 -10 ----------- Run | Yrd Mat Min Matter Collected 479 | 235 122 122 Remotely . | . . . Salvage Created 221 | . 188 33 Parts 19 | . 19 . Haulers Intercepted 1 | . 1 . Recyclers Shooed . | . . . Parts Field Recycled . | . . . Retrieved Matter . | . . . Parts Self-Destructed . | . . . Prevented . | . . . Kills | -11 -10 -10 ------- Run | Yrd Mat Min Combat Hostiles Destroyed 10 | . 7 3 Guns 1 | . . 1 Cannons 6 | . 4 2 AOE 3 | . 3 . Classes Destroyed 6 | . 5 1 Builder 2 | . 2 . Hauler 1 | . 1 . Watcher 2 | . 2 . Swarmer 5 | . 5 . Grunt 2 | . 2 . Assembled 3 | . . 3 Best Kill Streak 4 | . 4 2 Combat Bots Only 3 | . 3 2 Max Kills in Single Turn 2 | . 2 1 Gunslinging . | . . . Exploded 2 | . 2 . Melee . | . . . Uniques/NPCs Destroyed . | . . . Combat | -11 -10 -10 -------- Run | Yrd Mat Min Hostile Shots Fired 61 | . 41 20 Missed 19 | . 13 6 Hits 42 | . 28 14 Melee 3 | . . 3 Projectile 39 | . 28 11 Critical Strikes 1 | . . 1 Damage Taken 758 | . 541 217 Core 258 | . 191 67 Absorbed by Shields . | . . . Core Remaining (%) 100 | 100 . . Volleys Fired 40 | . 24 16 Largest 2 | . 2 2 Hottest 130 | . 130 75 Shots Fired 68 | . 36 32 Gun 33 | . 17 16 Cannon 31 | . 15 16 Launcher 3 | . 3 . Special 1 | . 1 . Kinetic 31 | . 15 16 Thermal 1 | . 1 . Explosive 3 | . 3 . Electromagnetic 33 | . 17 16 Robot Hit Streak 6 | . 6 5 Robot Miss Streak 10 | . 5 10 Penetration Max . | . . . Secondary Targets . | . . . Shots Hit Robots 35 | . 19 16 Core Hits 22 | . 13 9 Critical Kills . | . . . Critical Parts Destroyed . | . . . Critical Strikes . | . . . Melee Attacks . | . . . Impact . | . . . Slashing . | . . . Piercing . | . . . Sneak Attacks . | . . . Combat Hostiles . | . . . Follow-up Attacks . | . . . Damage Inflicted 1008 | . 773 235 Guns 258 | . 164 94 Cannons 290 | . 149 141 Explosions 460 | . 460 . Melee . | . . . Ramming . | . . . Kinetic 290 | . 149 141 Thermal 111 | . 111 . Explosive 349 | . 349 . Electromagnetic 258 | . 164 94 Impact . | . . . Slashing . | . . . Piercing . | . . . Highest Corruption 1 | . . 1 Average Corruption 1 | . . 1 Corruption Purged . | . . . Corruption Blocked . | . . . Overload Shots . | . . . Overflow Damage 96 | . 96 . Projectiles . | . . . Explosions 96 | . 96 . Melee . | . . . Knockbacks 2 | . 1 1 Impact . | . . . Kinetic 2 | . 1 1 Secondary . | . . . Self-Inflicted Damage 272 | . 272 . Shots 4 | . 4 . Rammed . | . . . Targets Rammed . | . . . Kicked . | . . . Crushed . | . . . Highest Temperature 200 | . 54 200 Average Temperature 59 | . 22 91 Received Heat Transfer 109 | . 60 49 Siege Activations . | . . . Martial Activations . | . . . Shielding Activations . | . . . Robots Disrupted . | . . . Combat Hostiles . | . . . Robots Corrupted . | . . . Combat Hostiles . | . . . Parts Fried . | . . . Impact Corruptions . | . . . Robots Melted . | . . . Combat Hostiles . | . . . Parts Melted . | . . . Heat Transferred 200 | . 200 . Parts Sabotaged . | . . . Parts Stolen . | . . . Parts Stripped . | . . . Power Chain Reactions 2 | . 2 . Alert | -11 -10 -10 ------- Run | Yrd Mat Min Maximum Alert Level . | . . . Low Security (%) 100 | 100 100 100 Level 1 . | . . . Level 2 . | . . . Level 3 . | . . . Level 4 . | . . . Level 5 . | . . . High Security . | . . . Max Security . | . . . Peak Influence 117 | . 117 33 Initial 33 | . . 33 Average 39 | . 57 10 Influence Increases 262 | . 262 . Destroy 0b10 Robot/C 140 | . 140 . Destroy 0b10 Robot/NC 25 | . 25 . Destroy Leader 26 | . 26 . Disable Machine 30 | . 30 . Destroy Structure 41 | . 41 . Influence Decreases 262 | . 175 87 Entered New Map 54 | . . 54 Time Decay 168 | . 135 33 Lost Part 40 | . 40 . Squads Dispatched 1 | . 1 . Investigation . | . . . Extermination . | . . . Reinforcement 1 | . 1 . Assault . | . . . Garrison . | . . . Intercept . | . . . Searches Triggered . | . . . Construction Impeded . | . . . Haulers Reinforced . | . . . Active Scanning Responses . | . . . Cargo Convoy Interrupts . | . . . Stealth | -11 -10 -10 --------- Run | Yrd Mat Min Distress Signals . | . . . Communications Jammed . | . . . Distress Signals . | . . . Times Spotted 38 | . 20 18 Peak Tracking Total 6 | . 5 6 Tactical Retreats 4 | . 3 1 Traps | -11 -10 -10 ------- Run | Yrd Mat Min Traps Triggered . | . . . Indirectly . | . . . Trap Hack Attempts . | . . . Triggered . | . . . Disarmed . | . . . Reprogrammed . | . . . Reused . | . . . Traps Extracted . | . . . Installed . | . . . Triggered . | . . . Machines | -11 -10 -10 ---------- Run | Yrd Mat Min Machines Disabled 2 | . 2 . Max in Single Turn 2 | . 2 . Machines Repaired . | . . . Machines Dismantled . | . . . Machines Sabotaged . | . . . Overloaded Fab Kills . | . . . Hacking | -11 -10 -10 --------- Run | Yrd Mat Min Machines Accessed . | . . . Terminals . | . . . Fabricators . | . . . Repair Stations . | . . . Recycling Units . | . . . Scanalyzers . | . . . Garrison Access . | . . . Total Hacks . | . . . Successful . | . . . Failed . | . . . Catastrophic . | . . . Database Lockouts . | . . . Manual . | . . . Terminals . | . . . Fabricators . | . . . Repair Stations . | . . . Recycling Units . | . . . Scanalyzers . | . . . Garrison Access . | . . . Terminal Hacks . | . . . Fabricator Hacks . | . . . Repair Station Hacks . | . . . Recycling Unit Hacks . | . . . Scanalyzer . | . . . Garrison Access Hacks . | . . . Unauthorized Hacks . | . . . Terminals . | . . . Fabricators . | . . . Repair Stations . | . . . Recycling Units . | . . . Scanalyzers . | . . . Garrison Access . | . . . Data Cores Recovered . | . . . Used . | . . . Hacking Detections . | . . . Full Trace Events . | . . . Feedback Events . | . . . Feedback Blocked . | . . . Robot Schematics Acquired . | . . . Robots Built . | . . . Authchips . | . . . Time . | . . . Total Robot Build Rating . | . . . Part Schematics Acquired . | . . . Parts Built . | . . . Authchips . | . . . Time . | . . . Total Part Build Rating . | . . . Parts Repaired . | . . . Time . | . . . Parts Recycled . | . . . Recycled Matter . | . . . Retrieved Matter . | . . . Retrieved Components . | . . . Parts Scanalyzed . | . . . Part Schematics Acquired . | . . . Parts Damaged . | . . . Bothacking | -11 -10 -10 ------------ Run | Yrd Mat Min Used RIF Installer . | . . . Robots Hacked . | . . . Non-combat . | . . . Combat . | . . . Robot Hacks Applied . | . . . Relay Couplers Released . | . . . Fabnet Peak Effective % . | . . . Robots Rewired . | . . . Allies Hacked . | . . . Hacks Repelled . | . . . Allies | -11 -10 -10 -------- Run | Yrd Mat Min Total Allies . | . . . Largest Group . | . . . Highest-Rated Group . | . . . Highest-Rated Ally . | . . . Total Orders . | . . . Ally Attacks . | . . . Total Damage . | . . . Kills . | . . . Allies Corrupted . | . . . Allies Melted . | . . . Intel | -11 -10 -10 ------- Run | Yrd Mat Min Active Infowar (turns) 483 | . 343 140 ECM 483 | . 343 140 Robot Analysis Total . | . . . Derelict Logs Recovered . | . . . Drone Launches . | . . . Drone Recoveries . | . . . Exploration | -11 -10 -10 ------------- Run | Yrd Mat Min Turns Passed 589 | 73 376 140 Spaces Moved 379 | 53 242 84 Core 14 | 14 . . Treads . | . . . Legs 79 | 39 40 . Wheels 286 | . 202 84 Hover . | . . . Flight . | . . . Fastest Speed 50 | 50 105 95 Average Speed 106 | 101 108 103 Slowest Speed 190 | 120 190 105 Overloaded Moves . | . . . Propulsion Burnouts . | . . . Robots Hopped . | . . . Potential Cave-ins . | . . . Cave-ins Triggered . | . . . Exploration Rate (%) 27 | 4 61 16 Regions Visited 2 Branch Regions 1 Pre-discovered Areas . | . . . Known Exits Taken . | . . . Unknown Exits Taken 2 | 1 1 . Scrap Searched . | . . . Spaces Dug . | . . . Terrain Destroyed 41 | . 41 . Melee . | . . . Projectile 1 | . 1 . AOE 40 | . 40 . Terrain Rammed . | . . . Walls Destroyed . | . . . Machines Disabled . | . . . Actions | -11 -10 -10 --------- Run | Yrd Mat Min Total 491 | 69 316 106 Wait 34 | 5 26 3 Move 377 | 52 241 84 Hop . | . . . Pick Up 21 | 6 14 1 Fast Attach 6 | 6 . . Attach 6 | . 5 1 Detach . | . . . Swap 5 | . 5 . Drop 2 | . 1 1 Fire 40 | . 24 16 Melee . | . . . Ram . | . . . Kick . | . . . Crush . | . . . Escape Stasis . | . . . Rewire . | . . . Trap . | . . . Miscellaneous . | . . . Route ------- -11/Scrapyard -10/Materials -10/Mines History --------- Turn | Location | Event 9 | -11/Scrapyard | Discovered new exit (range 15) 74 | -11/Scrapyard | Entered Materials 225 | -10/Materials | Core integrity fell below 50% 255 | -10/Materials | Lost 3 parts (1p2w) 306 | -10/Materials | Build established: Mutant 429 | -10/Materials | Discovered new exit (range 15) 450 | -10/Materials | Entered Mines 451 | -10/Mines | Assembled infested the area 451 | -10/Mines | Met a Derelict testing a Signal Generator 453 | -10/Mines | Found Signal Generator 456 | -10/Mines | Assisted by a Guerilla fighting off Assembled 467 | -10/Mines | Met a Derelict bent on vengeance 539 | -10/Mines | Core integrity fell below 20% 590 | -10/Mines | Destroyed by EK-R7X(g) with Beamcaster Last Messages --------------- 00550_ Destroyed Asb. F-torch. 00550_ U-05 Engineer builds a Wall. 00550_ as-44994 destroyed. 00554_ as-32663 destroyed. 00556_ as-55831 destroyed. 00561_ Com. Wheel destroyed. 00561_ System corrupted by crushing effect (+1). 00561_ Knocked back. 00561_ as-76313 destroyed. 00567_ Acquired 15 matter. 00567_ as-27647 destroyed. 00569_ Acquired 11 matter. 00569_ Acquired 22 matter. 00572_ Acquired 32 matter. 00573_ Acquired 18 matter. 00574_ Acquired 20 matter. 00576_ Acquired 4 matter. 00579_ as-44517 knocked back. 00584_ as-33135 destroyed. 00585_ as-44517 destroyed. Map ----- +----------------------------------------------------+ | ???????????????????# ????????#######????????? | | ???????????????????# ???????## ##???????? | | ???????????????????# #??????# #???????? | | ???????????????????# #?????# #???????? | | ????????????????????# ###?## ##??????? | | ?????????????????????# #### ##?????? | | ??????????????????????# ## ## #?????? | | ??????????????????????# ##### #?????? | | ??????????????????????# ##???# ##?????? | | ??????????????????????# ##????####??????? | | ?????????????????????## ##???????????????? | | ???????????######????# [ #????????????????? | | ?????????### ###??# =%% #????????????????? | | ????????## ##?# *%== #????????????????? | | ????????# ### #????????????????? | | ????????###### % ##???????????????? | | ?????????????###= ##??????????????? | | ???????????????### ### #??????????????? | | ?????????????????# #?# #??????????????? | | ?????????????????# ### ##??????????????? | | ?????????????????# ## ###???????????????? | | ????????????????## % ##?????????????????? | | ????????????????# ## ##??????????????????? | | ???????????????# #### #???????????????????? | | ???????????????# ####### #???????????????????? | | ???????????????####### @g #???????????????????? | | ?????????????????????#aa#####???????????????????? | | ?????????????????????#%%????????????????????????? | | ?????????????????????# ?????????????????????????? | | ?????????????????????# ?????????????????????????? | | ?????????????????????#??????????????????????????? | | ????????????????????????????????????????????????? | | ????????????????????????????????????????????????? | | ????????????????????????????????????????????????? | | ????????????????????????????????????????????????? | | ????????????????????????????????????????????????? | | ????????????????????????????????????????????????? | | ????????????????????????????????????????????????? | | ????????????????????????????????????????????????? | | ????????????????????????????????????????????????? | | ????????????????????????????????????????????????? | | ????????????????????????????????????????????????? | | ????????????????????????????????????????????????? | | ????????????????????????????????????????????????? | | ????????????????????????????????????????????????? | | ????????????????????????????????????????????????? | | ????????????????????????????????????????????????? | | ????????????????????????????????????????????????? | | ????????????????????????????????????????????????? | | ????????????????????????????????????????????????? | +----------------------------------------------------+ Best States ------------- Heat Dissipation 25 Energy Generation 10 Energy Capacity 250 Matter Stores 300 Matter Capacity 300 Sight Range 16 Terrain Scan Density 10 ECM Strength 1 Evasion (%) 50 Item Schematics ----------------- None Robot Schematics ------------------ None Fabricated ------------ Nothing Repaired ---------- Nothing Alien Tech Used ----------------- None Achievements -------------- None Challenges ------------ None Game ------ Seed ProtonMomentumPerforator Manual? 0 Play Time 00:09:34 Cumulative 251.7 hours Start 2025.05.16 @ 16:38:08 End 2025.05.16 @ 16:45:25 Sessions 1 Manual Loads 0 Difficulty Rogue Special Mode None Game No. 375 Rogue 375 Adventurer 0 Explorer 0 Win Type - Total 1 Types 1/0/0/0/0/0/0/0/0/0 Lore% 59 Gallery% 61 Achievement% 43 Wizard Run 0 Options --------- Layout 1 ASCII 0 Keyboard 0 Movement Mouse Keybinds 0 Fullscreen 2 Font 24/Smallcaps Map View 50x35 Zoom Use 0% Tactical HUD 1 Map Filters NONE Filters NONE Steam 1 RUN: ef0e7a70-fa31-4881-8aab-a119f2444ab8